 Dungeon Crawl Stone Soup version 0.25.1-1-g288607f5aa (webtiles) character file.

Game seed: 3062279720736508046

71 DerDa the Grave Robber (level 4, -1/30 HPs)
             Began as a Mummy Necromancer on July 26, 2020.
             Slain by a leopard gecko (3 damage)
             ... on level 2 of the Dungeon.
             The game lasted 00:03:45 (1652 turns).

DerDa the Grave Robber (Mummy Necromancer)          Turns: 1652, Time: 00:03:46

Health: -1/30      AC:  2    Str: 11    XL:     4   Next: 5%
Magic:  2/10       EV: 12    Int: 15    God:
Gold:   78         SH:  0    Dex: 12    Spells: 6/11 levels left

rFire    x . .     SeeInvis .   f - +0 short sword (venom)
rCold    + . .     Gourm    .   (no shield)
rNeg     + + +     Faith    .   a - +0 robe
rPois    ∞         Spirit   .   (no helmet)
rElec    .         Reflect  .   (no cloak)
rCorr    .         Harm     .   (no gloves)
MR       .....                  (no boots)
Stlth    ++........             (no amulet)
HPRegen  0.10/turn              (no ring)
MPRegen  0.12/turn              (no ring)

@: no status effects
A: no food or potions, fire vulnerability, cold resistance 1, negative energy
resistance 3, torment resistance, unbreathing
a: no special abilities


You were on level 2 of the Dungeon.
You were not hungry.

You visited 1 branch of the dungeon, and saw 2 of its levels.

You collected 78 gold pieces.

Inventory:

Hand Weapons
 d - a +0 spear
 f - a +0 short sword of venom (weapon)
Missiles
 c - 26 stones (quivered)
 g - 10 bolts
Armour
 a - a +0 robe (worn)
Scrolls
 b - a scroll of fog {unknown}
 e - a scroll of blinking {unknown}
 h - a scroll of enchant armour {unknown}
 i - a scroll of noise {unknown}
 j - a scroll of identify {unknown}


   Skills:
 - Level 1.5 Dodging
 - Level 1.5 Stealth
 * Level 4.3 Spellcasting
 * Level 4.8 Necromancy


You had 6 spell levels left.
You knew the following spells:

 Your Spells              Type           Power        Failure   Level  Hunger
a - Pain                  Necr           ###.         2%          1    N/A
b - Animate Skeleton      Necr           N/A          2%          1    N/A
c - Vampiric Draining     Necr           ###.......   7%          3    N/A

Your spell library contained the following spells:

 Spells                   Type           Power        Failure   Level  Hunger
 Animate Dead             Necr           N/A          24%         4    N/A
 Agony                    Necr           ###.....     54%         5    N/A

Dungeon Overview and Level Annotations

Branches:
Dungeon (2/15)

Altars:
Elyvilon


Innate Abilities, Weirdness & Mutations

You do not eat or drink.
Your flesh is vulnerable to fire.
You are immune to poison.
Your flesh is cold resistant. (rC+)
You are immune to negative energy. (rN+++)
You are immune to unholy pain and torment.
You can survive without breathing.


Message History

The gnoll is moderately wounded.
The gnoll hits you.
You hit the gnoll.
The gnoll is poisoned.
The gnoll is severely wounded.
The gnoll misses you.
You barely miss the gnoll.
The gnoll is severely wounded.
The gnoll hits you!
* * * LOW HITPOINT WARNING * * *
You kill the gnoll!
You have reached level 4!
You closely miss the leopard gecko. The leopard gecko bites you.
* * * LOW HITPOINT WARNING * * *
The leopard gecko bites you.
* * * LOW HITPOINT WARNING * * *
The leopard gecko bites you.
* * * LOW HITPOINT WARNING * * *
The leopard gecko misses you. The leopard gecko bites you.
You die...

♣♣.......♣♣
♣♣.....♣♣ ♣♣...♣♣
♣♣.....♣♣
♣♣.......♣
♣...≈≈≈...♣
#..≈≈≈≈≈..#
#.l≈≈♣≈≈..#
#.@≈≈≈≈≈..#
#######...≈≈≈...#
................#
########........#
#........#
#........#
#..<.....#
##########


You could see a leopard gecko.

Vanquished Creatures
  2 gnolls (D:2)
  An adder (D:2)
  A dart slug (D:1)
  2 leopard geckos (D:1)
  6 bats
  A giant cockroach (D:1)
  3 goblins (D:1)
  10 hobgoblins
  3 jackals (D:1)
  3 frilled lizards (D:1)
  A jackal skeleton (D:2)
  2 kobolds (D:1)
  4 rats (D:1)
39 creatures vanquished.

Notes
Turn   | Place    | Note
-------+----------+-------------------------------------------
     0 | D:1      | DerDa the Mummy Necromancer began the quest for the Orb.
     0 | D:1      | Reached XP level 1. HP: 13/13 MP: 4/4
   450 | D:1      | Reached XP level 2. HP: 19/19 MP: 4/6
   592 | D:1      | Learned a level 1 spell: Animate Skeleton
  1149 | D:1      | Reached XP level 3. HP: 24/24 MP: 6/8
  1154 | D:1      | Learned a level 3 spell: Vampiric Draining
  1604 | D:2      | Found a white marble altar of Elyvilon.
  1638 | D:2      | Reached XP level 4. HP: 5/30 MP: 0/10
  1639 | D:2      | HP: 1/30 [leopard gecko (3)]
  1644 | D:2      | HP: 1/30 [leopard gecko (1)]
  1652 | D:2      | Slain by a leopard gecko

Illustrated notes

Levels and vault maps discovered:
D:1:      lightli_arrival_statuegarden, layout_loops_ring, nrook_uturn,
          minmay_pentomino_x4
D:2:      layout_rooms, elyvilon_altar_3

Skill      XL: |  1  2  3 |
---------------+----------+-----
Spellcasting   | 3 4 |  4.3
Dodging        | |  1.5
Stealth        | |  1.5
Necromancy     | |  4.8

Action                   |  1- 3 |  4- 6 || total
-------------------------+-------+-------++-------
Melee: Unarmed           |     4 |       ||     4
       Short sword       |    15 |     1 ||    16
Throw: Stone             |     1 |       ||     1
 Cast: Pain              |    76 |       ||    76
       Animate Skeleton  |     5 |       ||     5
Armor: Robe              |     4 |       ||     4
Dodge: Dodged            |    36 |     1 ||    37
